 Dungeon Crawl Stone Soup version 0.28-a0-863-g8cecda6153 (webtiles) character file.

Game seed: 5920799496958626756

129 AvatarAndi78 the Skirmisher (level 4, -8/37 HPs)
             Began as a Demonspawn Abyssal Knight on Nov 18, 2021.
             Was a Believer of Lugonu.
             Killed from afar by an orc wizard (13 damage)
             ... with a puff of flame
             ... on level 3 of the Dungeon.
             The game lasted 00:05:03 (3756 turns).

AvatarAndi78 the Skirmisher (DsAK)                  Turns: 3756, Time: 00:05:03

Health: -8/37      AC:  9    Str: 14    XL:     4   Next: 88%
Magic:  4/5        EV: 11    Int: 12    God:    Lugonu [**....]
Gold:   131        SH:  0    Dex: 13    Spells: 3/3 levels left

rFire   . . .      SeeInvis .   a - +1 hand axe
rCold   . . .      Faith    .   (no shield)
rNeg    . . .      Spirit   .   c - +3 ring mail
rPois   .          Reflect  .   (no helmet)
rElec   .          Harm     .   (no cloak)
rCorr   .          Rampage  .   (no gloves)
Will    +....                   e - +0 pair of boots
Stlth   +.........              (no amulet)
HPRegen 0.12/turn               d - ring of willpower
MPRegen 0.09/turn               (no ring)

@: no status effects
A: powered by pain 1
a: Renounce Religion, Depart the Abyss, Bend Space


You were on level 3 of the Dungeon.
You worshipped Lugonu.
Lugonu was pleased with you.
You visited 1 branch of the dungeon, and saw 3 of its levels.
You visited the Abyss 1 time.

You collected 131 gold pieces.

Inventory:

Hand Weapons
 a - a +1 hand axe (weapon)
Armour
 c - a +3 ring mail (worn)
 e - a +0 pair of boots (worn)
Jewellery
 d - a ring of willpower (left hand)
Scrolls
 b - a scroll of enchant weapon {unknown}
 f - a scroll of summoning {unknown}
 g - 2 scrolls of identify {unknown}
 j - a scroll of immolation {unknown}
 k - 3 scrolls of silence {unknown}
Potions
 h - a potion of attraction {unknown}
 i - a potion of heal wounds {unknown}
 l - a potion of ambrosia {unknown}


   Skills:
 + Level 3.9 Fighting
 + Level 3.1 Axes
 + Level 2.5 Armour
 + Level 1.8 Dodging
 + Level 2.5 Invocations


You had 3 spell levels left.
You didn't know any spells.
Your spell library contained the following spells:

 Spells                   Type           Power      Damage    Failure   Level
 Summon Ice Beast         Ice/Summ       0%         N/A       100%        4
 Summon Mana Viper        Hex/Summ       0%         N/A       100%        5
 Monstrous Menagerie      Summ           0%         N/A       100%        7
 Borgnjor's Revivificati  Necr           0%         N/A       100%        8
 Necromutation            Tmut/Necr      0%         N/A       100%        8
 Death's Door             Necr           0%         N/A       100%        9


Dungeon Overview and Level Annotations

Branches:
Dungeon (3/15)

Altars:


Innate Abilities, Weirdness & Mutations

You sometimes gain a little power by taking damage.


Message History

The orc wizard casts a spell at you. The puff of flame hits you.
The orc wizard hits you with a +0 dagger.
You hit the orc wizard.
The orc wizard is heavily wounded.
You hit the orc wizard.
The orc wizard points at you and mumbles some strange words.
The magic dart hits you.
The orc wizard hits you but does no damage.
You are too injured to fight recklessly!
You barely miss the orc wizard.
The orc wizard is heavily wounded.
You barely miss the orc wizard.
The orc wizard hits you but does no damage. x2
You slash the orc wizard!
The orc wizard is almost dead.
You hit the orc wizard but do no damage.
The orc wizard hits you but does no damage.
The orc wizard mumbles some strange words.
The orc wizard flickers and vanishes!
Deactivating autopickup; reactivate with Ctrl-A.
You miss the orc wizard.
The orc wizard is heavily wounded.
You miss something.
The orc wizard hits you but does no damage.
Something hits you.
You closely miss the orc wizard.
The orc wizard is heavily wounded.
You closely miss something.
The orc wizard gestures at you while chanting.
The puff of flame hits you.
* * * LOW HITPOINT WARNING * * *
Something hits you.
* * * LOW HITPOINT WARNING * * *
The orc wizard hits you with a +0 dagger.
* * * LOW HITPOINT WARNING * * *
Space bends around you!
You blink.
A puff of flame appears from out of thin air!
The puff of flame hits you!
You die...

#.......##≈.# #.#####.#.#
######.......#P≈P# #.......#..
#............#P≈P###.#######..
#.####......##P≈..##.......###
#.# #......#.P≈P.P##........
#.###########.PP≈.P.#........
#...........####≈####........
########........†............
#.....@........†......
#.............).......
#.....................
#†.o{.................
#).............)......
#.....................
#........#############
#........# #.....[..#


You could see an orc wizard.

Vanquished Creatures
  7 adders
  A worm (D:3)
  An orc (D:3)
  2 ball pythons
  6 bats
  7 endoplasms
  6 giant cockroaches
  4 goblins
  5 hobgoblins
  3 jackals (D:2)
  3 quokkas
  4 frilled lizards (D:2)
  4 kobolds
  6 rats
59 creatures vanquished.

Vanquished Creatures (others)
  2 plants (D:1)
2 creatures vanquished.

Grand Total: 61 creatures vanquished

Notes
Turn   | Place    | Note
-------+----------+-------------------------------------------
     0 | Abyss:1  | AvatarAndi78 the Demonspawn Abyssal Knight began the quest
                  | for the Orb.
     0 | Abyss:1  | Reached XP level 1. HP: 18/18 MP: 2/2
    94 | Abyss:1  | Noticed a chaos spawn
    98 | D:1      | Escaped the Abyss
   218 | D:1      | Reached * piety under Lugonu
   437 | D:1      | Gained mutation: You sometimes gain a little power by
                  | taking damage. [demonic ancestry]
   437 | D:1      | Reached XP level 2. HP: 24/24 MP: 3/3
  1231 | D:2      | Reached skill level 1 in Dodging
  1231 | D:2      | Reached XP level 3. HP: 30/30 MP: 4/4
  2021 | D:2      | Reached XP level 4. HP: 36/37 MP: 5/5
  2536 | D:2      | Reached ** piety under Lugonu
  3756 | D:3      | Killed from afar by an orc wizard

Illustrated notes

Levels and vault maps discovered:
D:1:      lemuel_arrival_hallway, layout_basic, serial_corexii_hall,
          chequers_hall_statues_corner_a, corexii_hall_statues_l,
          roderic_serpentine_path, kennysheep_doodads, serial_bayou_ford_a,
          palyth_stone_intersect, hangedman_decor_growths
D:2:      minmay_razor_zed, layout_basic
D:3:      layout_basic, shapermc_ecumenical_altar_hornbeckon, chequers_jeans

Skill      XL: |  1  2  3  4 |
---------------+-------------+-----
Armour         | 2 |  2.5
Axes           | 2 3 |  3.1
Dodging        | 1 |  1.8
Fighting       | |  3.9
Invocations    | |  2.5

Action                   |  1- 3 |  4- 6 || total
-------------------------+-------+-------++-------
Melee: Hand axe          |   132 |   116 ||   248
Invok: Depart the Abyss  |     1 |       ||     1
       Bend Space        |       |     1 ||     1
Armor: Ring mail         |    79 |    51 ||   130
Dodge: Dodged            |    81 |    82 ||   163

Table legend: (Time is in decaauts)
 A = Elapsed time spent in this place.
 B = Non-inter-level travel time spent in this place.
 C = Inter-level travel time spent in this place.
 D = Time resting spent in this place.
 E = Time spent auto-exploring this place.
 F = Levels seen in this place.
 G = Mean time per level.
                   A        B        C        D        E       F      G
               +--------+--------+--------+--------+--------+-----+--------+
         Total |   3815 |   3792 |     23 |      0 |   3272 |   4 |  953.8 |
       Dungeon |   3717 |   3694 |     23 |      0 |   3178 |   3 | 1239.0 |
         Abyss |     98 |     98 |      0 |      0 |     94 |   1 |   98.0 |
               +--------+--------+--------+--------+--------+-----+--------+

Top non-repeatable levels by time:
     D:2: 1659 daAuts
     D:1: 1053 daAuts
     D:3: 1003 daAuts
 Abyss:1: 98 daAuts
